2190 views
Uploaded 2023-09-22 14:54:32
Game version 1.36 (6115)
21:51 long 2on2 ladder game on (4)LostTemple_S2
Saved by GIGA
2190 views
Uploaded 2023-09-22 14:54:32
Game version 1.36 (6115)
21:51 long 2on2 ladder game on (4)LostTemple_S2


68 units @ 10.5k
/ 1.7k
58 buildings @ 6k
/ 2.5k


| Lesser Clarity Potion | 1 | 70 |
| Circlet of Nobility | 1 | 175 |
| total: | 2 | 245g |
| Peon | 13 | 975 | / | 0 |
| Grunt | 6 | 1200 | / | 0 |
| Shaman | 7 | 910 | / | 140 |
| Demolisher | 4 | 880 | / | 200 |
| Kodo Beast | 1 | 255 | / | 60 |
| Goblin Shredder | 1 | 375 | / | 100 |
| total: | 32 | 4595g | / | 500w |
| Watch Tower | 1 | 110 | / | 80 |
| Altar of Storms | 1 | 180 | / | 50 |
| Orc Burrow | 8 | 1280 | / | 320 |
| Barracks | 2 | 360 | / | 100 |
| Voodoo Lounge | 1 | 130 | / | 30 |
| War Mill | 1 | 205 | / | 0 |
| Great Hall | 1 | 385 | / | 185 |
| Spirit Lodge | 1 | 150 | / | 150 |
| Beastiary | 1 | 145 | / | 140 |
| Stronghold | 2 | 630 | / | 380 |
| Fortress | 1 | 325 | / | 190 |
| total: | 17 | 2945g | / | 1055w |
| 0:06 | Altar of Storms |
| 0:07 | Peon |
| 0:07 | Peon |
| 0:11 | Orc Burrow |
| 0:23 | Peon |
| 0:38 | Barracks |
| 0:44 | Peon |
| 1:27 | Peon |
| 1:31 | Orc Burrow |
| 1:42 | Grunt |
| 1:56 | Voodoo Lounge |
| 2:06 | Feral Spirit |
| 2:38 | Grunt |
| 3:05 | Stronghold |
| 3:41 | Grunt |
| 3:54 | War Mill |
| 4:08 | Chain Lighting |
| 4:48 | Orc Burrow |
| 5:38 | Fortress |
| 5:58 | Feral Spirit |
| 6:12 | Spirit Lodge |
| 6:15 | Orc Burrow |
| 6:20 | Steel Melee Weapons |
| 7:36 | Circlet of Nobility |
| 7:46 | Shaman Adept Training |
| 7:49 | Steel Armor |
| 8:22 | Endurance Aura |
| 8:24 | Chain Lighting |
| 9:15 | Peon |
| 9:15 | Peon |
| 9:15 | Peon |
| 9:17 | Shaman Master Training |
| 9:26 | Watch Tower |
| 9:27 | Peon |
| 9:36 | Lesser Clarity Potion |
| 9:41 | Shaman |
| 9:57 | Shaman |
| 9:59 | Grunt |
| 10:00 | Grunt |
| 10:13 | Shaman |
| 11:27 | Berserker Strength |
| 11:28 | Grunt |
| 11:29 | Shaman |
| 11:30 | Shaman |
| 11:49 | Goblin Shredder |
| 13:15 | Burning Oil |
| 13:41 | Great Hall |
| 13:45 | Thorium Melee Weapons |
| 13:48 | Barracks |
| 13:50 | Beastiary |
| 13:55 | Demolisher |
| 14:32 | Shaman |
| 14:32 | Shaman |
| 14:44 | Demolisher |
| 14:58 | Demolisher |
| 14:58 | Demolisher |
| 15:14 | War Drums Damage Increase |
| 15:14 | Kodo Beast |
| 17:28 | Peon |
| 17:28 | Peon |
| 17:28 | Peon |
| 17:29 | Peon |
| 18:13 | Orc Burrow |
| 18:14 | Orc Burrow |
| 18:15 | Orc Burrow |
| 18:15 | Orc Burrow |
| 18:22 | Shockwave |
| 18:54 | Stronghold |
| 20:36 | Feral Spirit |
| Right click | 1084 |
| Select | 496 |
| Build/train/purchase | 73 |
| Use ability | 43 |
| Misc. action | 23 |
| Remove unit | 8 |
| Item give/drop | 2 |
| Minimap ping | 2 |


| Boots of Speed | 1 | 250 |
| total: | 1 | 250g |
| Peasant | 15 | 1125 | / | 0 |
| Rifleman | 6 | 1230 | / | 180 |
| Knight | 2 | 490 | / | 120 |
| Gryphon Rider | 6 | 1680 | / | 420 |
| Siege Engine | 5 | 975 | / | 300 |
| Mortar Team | 2 | 360 | / | 140 |
| total: | 36 | 5860g | / | 1160w |
| Scout Tower | 20 | 600 | / | 400 |
| Arcane Tower | 2 | 140 | / | 100 |
| Guard Tower | 4 | 280 | / | 200 |
| Barracks | 1 | 160 | / | 60 |
| Blacksmith | 1 | 140 | / | 60 |
| Altar of Kings | 1 | 180 | / | 50 |
| Farm | 12 | 960 | / | 240 |
| Lumber Mill | 1 | 120 | / | 0 |
| Arcane Vault | 1 | 130 | / | 30 |
| Town Hall | 1 | 385 | / | 205 |
| Gryphon Aviary | 1 | 140 | / | 150 |
| Workshop | 2 | 280 | / | 280 |
| Keep | 1 | 320 | / | 210 |
| Castle | 1 | 360 | / | 210 |
| total: | 41 | 3095g | / | 1475w |
| 0:00 | Peasant |
| 0:00 | Peasant |
| 0:18 | Peasant |
| 0:47 | Barracks |
| 0:48 | Blacksmith |
| 0:51 | Altar of Kings |
| 0:52 | Peasant |
| 0:56 | Farm |
| 0:59 | Farm |
| 1:10 | Peasant |
| 1:18 | Peasant |
| 1:28 | Peasant |
| 1:32 | Peasant |
| 2:04 | Farm |
| 2:07 | Rifleman |
| 2:15 | Peasant |
| 2:23 | Rifleman |
| 2:29 | Farm |
| 2:52 | Rifleman |
| 2:55 | Holy Light |
| 3:15 | Rifleman |
| 3:24 | Scout Tower |
| 3:41 | Rifleman |
| 3:48 | Black Gunpowder |
| 3:52 | Keep |
| 4:02 | Scout Tower |
| 4:25 | Rifleman |
| 4:35 | Scout Tower |
| 4:36 | Scout Tower |
| 4:41 | Arcane Tower |
| 5:16 | Lumber Mill |
| 5:53 | Devotion Aura |
| 6:18 | Castle |
| 6:20 | Long Rifles |
| 6:32 | Improved Lumber Harvesting |
| 6:53 | Refined Gunpowder |
| 6:58 | Arcane Vault |
| 7:29 | Holy Light |
| 7:37 | Boots of Speed |
| 7:44 | Farm |
| 7:46 | Farm |
| 7:48 | Gryphon Aviary |
| 8:08 | Farm |
| 8:22 | Farm |
| 8:26 | Iron Forged Swords |
| 8:40 | Animal War Training |
| 8:45 | Advanced Lumber Harvesting |
| 8:46 | Peasant |
| 8:46 | Peasant |
| 9:06 | Iron Plating |
| 9:31 | Knight |
| 9:31 | Knight |
| 9:34 | Gryphon Rider |
| 9:49 | Banish |
| 10:02 | Storm Hammers |
| 10:36 | Gryphon Rider |
| 10:58 | Town Hall |
| 11:17 | Steel Forged Swords |
| 11:18 | Steel Plating |
| 11:31 | Farm |
| 12:05 | Guard Tower |
| 12:05 | Arcane Tower |
| 13:03 | Mithril Forged Swords |
| 13:07 | Peasant |
| 13:07 | Peasant |
| 13:08 | Peasant |
| 13:08 | Peasant |
| 13:56 | Farm |
| 13:57 | Farm |
| 13:57 | Farm |
| 14:49 | Gryphon Rider |
| 14:49 | Gryphon Rider |
| 14:49 | Gryphon Rider |
| 14:49 | Gryphon Rider |
| 14:57 | Workshop |
| 14:58 | Workshop |
| 15:43 | Siphon Mana |
| 16:10 | Siege Engine |
| 16:10 | Siege Engine |
| 16:11 | Siege Engine |
| 16:23 | Mithril Plating |
| 17:22 | Scout Tower |
| 17:23 | Scout Tower |
| 17:24 | Scout Tower |
| 17:24 | Scout Tower |
| 17:25 | Scout Tower |
| 17:28 | Scout Tower |
| 17:31 | Scout Tower |
| 17:35 | Scout Tower |
| 17:35 | Scout Tower |
| 17:37 | Mortar Team |
| 17:37 | Mortar Team |
| 17:45 | Siege Engine |
| 17:45 | Siege Engine |
| 18:00 | Guard Tower |
| 18:01 | Guard Tower |
| 18:45 | Guard Tower |
| 19:02 | Scout Tower |
| 19:03 | Scout Tower |
| 19:03 | Scout Tower |
| 19:50 | Scout Tower |
| 19:50 | Scout Tower |
| 19:51 | Scout Tower |
| 19:53 | Scout Tower |
| 20:05 | Devotion Aura |
| 20:52 | Banish |
| 21:06 | Barrage |
| Right click | 1540 |
| Select | 430 |
| Select group | 295 |
| Misc. action | 83 |
| Build/train/purchase | 78 |
| Use ability | 20 |
| Remove unit | 8 |
| Assign group | 7 |
| Minimap ping | 3 |
| Item give/drop | 1 |
63 units @ 6.1k
/ 0.6k
87 buildings @ 7.3k
/ 3.6k
GIGA
(207)
(21:39) : 
| Scroll of Speed | 1 | 50 |
| Lesser Clarity Potion | 2 | 140 |
| Healing Salve | 2 | 200 |
| Tiny Great Hall | 1 | 600 |
| Orb of Lightning | 1 | 375 |
| Boots of Speed | 1 | 250 |
| Staff of Teleportation | 1 | 150 |
| total: | 9 | 1765g |
| Peon | 20 | 1500 | / | 0 |
| Grunt | 4 | 800 | / | 0 |
| total: | 24 | 2300g | / | 0w |
| Watch Tower | 14 | 1540 | / | 1120 |
| Altar of Storms | 1 | 180 | / | 50 |
| Orc Burrow | 4 | 640 | / | 160 |
| Barracks | 1 | 180 | / | 50 |
| Voodoo Lounge | 1 | 130 | / | 30 |
| War Mill | 2 | 410 | / | 0 |
| Spirit Lodge | 1 | 150 | / | 150 |
| Stronghold | 1 | 315 | / | 190 |
| Fortress | 1 | 325 | / | 190 |
| total: | 24 | 3230g | / | 1560w |
| 0:03 | Peon |
| 0:03 | Peon |
| 0:07 | Altar of Storms |
| 0:26 | Orc Burrow |
| 0:28 | Peon |
| 0:40 | Barracks |
| 0:50 | Peon |
| 1:01 | Peon |
| 1:19 | Peon |
| 1:27 | Peon |
| 1:34 | Orc Burrow |
| 1:37 | Peon |
| 1:42 | Grunt |
| 1:50 | Peon |
| 2:04 | Peon |
| 2:09 | Peon |
| 2:13 | Voodoo Lounge |
| 2:28 | Wind Walk |
| 2:38 | Grunt |
| 3:34 | Peon |
| 3:35 | Peon |
| 3:35 | Peon |
| 3:39 | War Mill |
| 3:41 | Grunt |
| 4:05 | Stronghold |
| 4:22 | Critical Strike |
| 5:27 | Watch Tower |
| 5:28 | Watch Tower |
| 5:29 | Watch Tower |
| 5:33 | Watch Tower |
| 5:52 | Watch Tower |
| 5:53 | Watch Tower |
| 5:58 | Spiked Barricades |
| 6:01 | Grunt |
| 6:09 | Scroll of Speed |
| 6:09 | Lesser Clarity Potion |
| 6:09 | Healing Salve |
| 6:40 | Reinforced Defenses |
| 7:20 | Fortress |
| 7:28 | Wind Walk |
| 7:45 | Watch Tower |
| 7:46 | Watch Tower |
| 8:30 | Watch Tower |
| 9:44 | Peon |
| 9:44 | Peon |
| 9:47 | Improved Spiked Barricades |
| 9:56 | Watch Tower |
| 10:29 | Boots of Speed |
| 10:30 | Staff of Teleportation |
| 11:26 | Critical Strike |
| 11:42 | Lesser Clarity Potion |
| 11:44 | Healing Salve |
| 11:51 | Tiny Great Hall |
| 11:57 | Watch Tower |
| 11:58 | Watch Tower |
| 12:01 | Watch Tower |
| 12:02 | Watch Tower |
| 12:21 | Orb of Lightning |
| 14:01 | Spirit Lodge |
| 14:50 | War Mill |
| 14:57 | Orc Burrow |
| 14:59 | Orc Burrow |
| 20:32 | Peon |
| 20:32 | Peon |
| 20:32 | Peon |
| 20:32 | Peon |
| Right click | 1572 |
| Select group | 781 |
| Select | 250 |
| Build/train/purchase | 64 |
| Resource trade | 37 |
| Use ability | 17 |
| Assign group | 11 |
| Misc. action | 11 |
| Item give/drop | 4 |
| Esc | 2 |
| Minimap ping | 2 |
| Remove unit | 1 |



| Peasant | 20 | 1500 | / | 0 |
| Footman | 3 | 405 | / | 0 |
| Mortar Team | 4 | 720 | / | 280 |
| Flying Machine | 12 | 1200 | / | 360 |
| total: | 39 | 3825g | / | 640w |
| Scout Tower | 39 | 1170 | / | 780 |
| Arcane Tower | 3 | 210 | / | 150 |
| Guard Tower | 17 | 1190 | / | 850 |
| Altar of Kings | 2 | 360 | / | 100 |
| Farm | 13 | 1040 | / | 260 |
| Barracks | 1 | 160 | / | 60 |
| Lumber Mill | 1 | 120 | / | 0 |
| Town Hall | 1 | 385 | / | 205 |
| Blacksmith | 1 | 140 | / | 60 |
| Arcane Vault | 1 | 130 | / | 30 |
| Workshop | 3 | 420 | / | 420 |
| Gryphon Aviary | 1 | 140 | / | 150 |
| Keep | 1 | 320 | / | 210 |
| Castle | 1 | 360 | / | 210 |
| total: | 63 | 4065g | / | 2065w |
| 0:03 | Peasant |
| 0:03 | Peasant |
| 0:06 | Altar of Kings |
| 0:07 | Altar of Kings |
| 0:10 | Peasant |
| 0:19 | Farm |
| 0:21 | Barracks |
| 0:22 | Farm |
| 0:30 | Peasant |
| 0:43 | Farm |
| 1:14 | Peasant |
| 1:22 | Footman |
| 1:26 | Farm |
| 1:29 | Peasant |
| 1:36 | Peasant |
| 1:42 | Footman |
| 1:54 | Scout Tower |
| 1:59 | Peasant |
| 2:06 | Lumber Mill |
| 2:31 | Storm Bolt |
| 3:04 | Arcane Tower |
| 3:05 | Scout Tower |
| 3:06 | Footman |
| 3:08 | Scout Tower |
| 3:30 | Town Hall |
| 3:34 | Scout Tower |
| 3:35 | Scout Tower |
| 3:41 | Peasant |
| 3:41 | Peasant |
| 3:42 | Improved Lumber Harvesting |
| 3:45 | Guard Tower |
| 4:00 | Bash |
| 4:07 | Arcane Tower |
| 4:14 | Peasant |
| 4:15 | Peasant |
| 4:45 | Peasant |
| 4:49 | Guard Tower |
| 4:50 | Peasant |
| 4:51 | Improved Masonry |
| 5:45 | Keep |
| 5:52 | Scout Tower |
| 5:52 | Scout Tower |
| 5:54 | Peasant |
| 5:54 | Peasant |
| 5:56 | Scout Tower |
| 5:56 | Scout Tower |
| 5:58 | Scout Tower |
| 5:58 | Scout Tower |
| 6:02 | Scout Tower |
| 6:03 | Scout Tower |
| 6:37 | Guard Tower |
| 6:42 | Scout Tower |
| 6:42 | Scout Tower |
| 6:44 | Guard Tower |
| 6:48 | Peasant |
| 6:48 | Peasant |
| 6:53 | Guard Tower |
| 6:55 | Scout Tower |
| 6:55 | Scout Tower |
| 6:59 | Guard Tower |
| 7:06 | Guard Tower |
| 7:22 | Blacksmith |
| 7:26 | Guard Tower |
| 7:27 | Scout Tower |
| 7:28 | Scout Tower |
| 7:29 | Scout Tower |
| 7:31 | Scout Tower |
| 7:32 | Scout Tower |
| 7:34 | Scout Tower |
| 7:34 | Scout Tower |
| 7:52 | Guard Tower |
| 8:23 | Guard Tower |
| 8:27 | Peasant |
| 8:28 | Peasant |
| 8:35 | Castle |
| 8:55 | Workshop |
| 8:57 | Workshop |
| 9:18 | Advanced Lumber Harvesting |
| 9:19 | Advanced Masonry |
| 9:24 | Guard Tower |
| 9:26 | Scout Tower |
| 9:27 | Scout Tower |
| 9:28 | Scout Tower |
| 9:29 | Scout Tower |
| 9:34 | Workshop |
| 9:36 | Black Gunpowder |
| 9:54 | Guard Tower |
| 9:57 | Flak Cannons |
| 10:04 | Flare |
| 10:43 | Mortar Team |
| 10:46 | Farm |
| 10:47 | Farm |
| 10:48 | Farm |
| 10:51 | Farm |
| 10:56 | Flying Machine Bombs |
| 10:57 | Fragmentation Shards |
| 11:10 | Holy Light |
| 11:25 | Guard Tower |
| 11:29 | Farm |
| 11:31 | Farm |
| 11:52 | Guard Tower |
| 12:12 | Refined Gunpowder |
| 12:23 | Brilliance Aura |
| 13:07 | Flying Machine |
| 13:07 | Flying Machine |
| 13:07 | Flying Machine |
| 13:08 | Flying Machine |
| 13:08 | Flying Machine |
| 13:08 | Flying Machine |
| 13:08 | Flying Machine |
| 13:26 | Imbued Masonry |
| 13:34 | Scout Tower |
| 13:35 | Scout Tower |
| 13:35 | Scout Tower |
| 13:36 | Scout Tower |
| 13:38 | Scout Tower |
| 13:39 | Scout Tower |
| 14:13 | Guard Tower |
| 14:15 | Guard Tower |
| 14:22 | Imbued Gunpowder |
| 14:25 | Flying Machine |
| 14:51 | Guard Tower |
| 14:52 | Scout Tower |
| 14:54 | Scout Tower |
| 14:55 | Scout Tower |
| 14:56 | Scout Tower |
| 15:00 | Scout Tower |
| 15:07 | Flying Machine |
| 15:08 | Flying Machine |
| 15:10 | Farm |
| 15:18 | Flying Machine |
| 15:56 | Arcane Tower |
| 16:00 | Flying Machine |
| 17:59 | Gryphon Aviary |
| 18:43 | Arcane Vault |
| 20:37 | Mortar Team |
| 20:37 | Mortar Team |
| 20:41 | Mortar Team |
| 20:44 | Farm |
| 20:45 | Farm |
| 21:14 | Divine Shield |
| Right click | 946 |
| Select | 315 |
| Select group | 229 |
| Build/train/purchase | 92 |
| Misc. action | 45 |
| Assign group | 17 |
| Resource trade | 10 |
| Use ability | 9 |
| Item give/drop | 4 |